 Dungeon Sprint DCSS version 0.31-a0-889-g1a8549509d (webtiles) character file.

Game seed: 17965024069817632516

128 retardedninja the Arsonist (level 7, -4/38 HPs)
             Began as a Gargoyle Fire Elementalist on Oct 16, 2023.
             Was an Elder of Vehumet.
             Slain by a hellwing (12 damage)
             ... summoned by an orc high priest
             ... in the Dungeon (Sprint VI: "Thunderdome").
             The game lasted 00:04:18 (427 turns).

retardedninja the Arsonist (GrFE)                    Turns: 427, Time: 00:04:18

Health: -4/38      AC:  2    Str: 11    XL:     7   Next: 12%
Magic:  16/17      EV: 13    Int: 18    God:    Vehumet [****..]
Gold:   235        SH:  0    Dex: 10    Spells: 17/20 levels left

rFire   . .          .
                       - Unarmed
rCold   . . .        (no shield)
rNeg    + . .        a - +0 robe
rPois   ∞            (no helmet)
rElec   +            (no cloak)
rCorr   .            (no gloves)
SInv    .            (no boots)
Will    .....        (no amulet)
Stlth   ++           (no ring)
HPRegen 0.26/turn    (no ring)
MPRegen 0.15/turn

%: no teleportation
@: corroded, hasted, very quick
A: sickness immunity, AC +4, negative energy resistance 1, electricity
resistance, torment resistance 1, petrification resistance
a: Renounce Religion


You were in the Dungeon.
You worshipped Vehumet.
Vehumet was greatly pleased with you.
You visited 1 branch You collected 280 gold pieces.
You spent 45 gold pieces at shops.

Inventory:

Armour
 a - a +0 robe (worn)
Wands
 h - a wand of iceblast (1)
Scrolls
 g - 4 scrolls of blinking
 j - 3 scrolls of fog
Potions
 b - 2 potions of magic
 c - a potion of curing
 d - 2 potions of heal wounds
 e - 2 potions of haste
 f - a potion of berserk rage
 k - a potion of resistance


   Skills:
 + Level 1.2 Fighting
 + Level 5.5 Dodging
 + Level 3.6 Stealth
 + Level 1.2 Unarmed Combat
 + Level 7.3 Spellcasting
 + Level 5.3 Conjurations
 + Level 9.4 Fire Magic
 + Level 1.8 Evocations


You had 17 spell levels left.
You knew the following spells:

 Your Spells              Type           Power      Damage    Failure   Level
a - Foxfire               Conj/Fire      100%       2x1d9     1%          1
b - Scorch                Fire           80%        2d8       1%          2

Your spell library contained the following spells:

 Spells                   Type           Power      Damage    Failure   Level
 Static Discharge         Conj/Air       32%        2-4/arc   1%          2
 Inner Flame              Hex/Fire       23%        N/A       1%          3
 Volatile Blastmotes      Fire/Tloc      46%        2d13      1%          3
 Flame Wave               Conj/Fire      33%        2d10      1%          4


Dungeon Overview and Level Annotations

Branches:
Dungeon (1/1)

Altars:
Cheibriados
Dithmenos
Fedhas
Gozag
Kikubaaqudgha
Makhleb
Okawaru
Qazlal
Ru
Sif Muna
Trog
Uskayaw
Vehumet
Wu Jian
Xom
Yredelemnul
Zin
The Shining One
Lugonu

Shops:
D *[=??*?*:[((!!!!


Innate Abilities, Weirdness & Mutations

You are immune to sickness and miasma.
Your stone body is resilient. (AC +4)
You are immune to poison.
You resist negative energy. (rN+)
You are resistant to electric shocks. (rElec)
You are resistant to unholy torment.
You are immune to petrification.


Message History

The hellwing barely misses you. x2; The rust devil hits you.
The rust devil corrodes you!
Unknown command.
Aiming: Iceblast
Press: ? - help, Q - select action, (/) - cycle Shift-Dir - straight line, p - orc high priest
Okay, then.
You feel yourself speed up. The hellwing hits you. The hellwing hits you!
The orc high priest says, "All sinners must die."
The orc high priest hits you with a +0 short sword.
The rust devil closely misses you.
The hellwing swoops through the air toward you!
The hellwing hits you! The hellwing completely misses you.
Aiming: Iceblast
Press: ? - help, Q - select action, (/) - cycle Shift-Dir - straight line The mass of ice explodes!
The iceblast engulfs the orc high priest!
The orc high priest is heavily wounded.
Unknown command.
Unknown command.
Aiming: Iceblast
Press: ? - help, Q - select action, (/) - cycle Shift-Dir - straight line, f - orc high priest
Aim: an orc high priest, wielding a +0 short sword and wearing a +0 leather armour (heavily wounded)
The mass of ice explodes!
The iceblast engulfs the orc high priest!
The orc high priest is severely wounded.
The iceblast engulfs the rust devil but does no damage.
The rust devil is lightly wounded.
The hellwing closely misses you. The hellwing hits you!
* * * LOW HITPOINT WARNING * * *
The orc high priest utters an invocation to Beogh.
Unknown command.
Aiming: Iceblast
Press: ? - help, Q - select action, (/) - cycle Shift-Dir - straight line, p - orc high priest The mass of ice explodes!
The iceblast engulfs the orc high priest!
The orc high priest is almost dead.
The iceblast engulfs the rust devil.
The rust devil is lightly wounded.
The hellwing hits you!
You die...

#_........# #_......._#
###.........##
#⌠...........⌠
######.8.........8.
##∩___.....†###.....
###∩........8.# #.8...
##....†4......†###.....
#⌠..o4@.....###...###..
#⌠..........# #.<.# #..
#§4.........###...###..
##............†###.....
###∩........8†# #.8...
##∩.__......###.....
######.8...†.....8.
#⌠...........⌠
###.........##


You could see an orc high priest, a hellwing (summoned), a rust devil (summoned)
and a chaos spawn (summoned).

Vanquished Creatures
  A phantom (D)
  3 scorpions (D)
  5 vampire bats (D)
  2 adder zombies (D)
  2 worms (D)
  A bat skeleton (D)
  A bat zombie (D)
  A giant cockroach (D)
  A ball python zombie (D)
17 creatures vanquished.

Vanquished Creatures (others)
  39 foxfires (D)
39 creatures vanquished.

Grand Total: 56 creatures vanquished

Notes
Turn   | Place    | Note
-------+----------+-------------------------------------------
     0 | D        | retardedninja the Gargoyle Fire Elementalist began the
                  | quest for the Orb.
     0 | D        | Reached XP level 1. HP: 10/10 MP: 3/3
     2 | D        | Found a snail-covered altar of Cheibriados.
     2 | D        | Found a corrupted altar of Lugonu.
     4 | D        | Found a basalt altar of Yredelemnul.
     4 | D        | Found a burning altar of Makhleb.
     5 | D        | Found a bloodstained altar of Trog.
     5 | D        | Found a shimmering blue altar of Sif Muna.
     5 | D        | Found Qiaduut's Staff Store.
     5 | D        | Found Apriec's Magic Scroll Shop.
     5 | D        | Round 1.
     6 | D        | Found Cudd's Must-Have Magic.
     6 | D        | Found Vuneh's Magic Scroll Shop.
    10 | D        | Found a stormy altar of Qazlal.
    11 | D        | Found a shimmering altar of Xom.
    12 | D        | Found a glowing golden altar of the Shining One.
    14 | D        | Found Laoschoq's Timeless Talismans.
    16 | D        | Found Zome Wue's Jewellery.
    16 | D        | Found Yrchacy's Advanced Armour.
    18 | D        | Found a glowing silver altar of Zin.
    18 | D        | Found a blossoming altar of Fedhas.
    18 | D        | Found Dedodu's Identification Station.
    23 | D        | Found a hide-covered altar of Uskayaw.
    29 | D        | Found a shadowy altar of Dithmenos.
    31 | D        | Found a sacrificial altar of Ru.
    32 | D        | Found Zafilo's Premium Goods.
    34 | D        | Found Illoysix's Miscellaneous Merchandise.
    34 | D        | Found Uninko's Basic Armour.
    35 | D        | Found a radiant altar of Vehumet.
    35 | D        | Found an ornate altar of the Wu Jian Council.
    35 | D        | Found Kutasch's Weapon Rack.
    42 | D        | Found an opulent altar of Gozag.
    46 | D        | Became a worshipper of Vehumet
    49 | D        | Found an ancient bone altar of Kikubaaqudgha.
   120 | D        | Reached skill level 4 in Fire Magic
   120 | D        | Reached XP level 2. HP: 15/15 MP: 0/5
   127 | D        | Found Redymm's Do-It-Yourself Clinic.
   128 | D        | Found Qoallauc's Bottled Wisdom.
   128 | D        | Found Defuyrar's Distillery.
   130 | D        | Found an iron altar of Okawaru.
   130 | D        | Found Vohesiox's Distillery.
   150 | D        | Noticed a phantom
   166 | D        | Reached * piety under Vehumet
   166 | D        | Offered knowledge of Freeze by Vehumet.
   183 | D        | Killed a phantom
   183 | D        | Arena points: 14 (+14) [x2]
   184 | D        | Reached skill level 6 in Fire Magic
   184 | D        | Reached XP level 3. HP: 11/19 MP: 0/8
   184 | D        | Reached XP level 4. HP: 13/24 MP: 0/10
   187 | D        | Learned a level 2 spell: Scorch
   226 | D        | Round 2.
   234 | D        | Noticed a scorpion
   236 | D        | Noticed a scorpion
   256 | D        | Killed a scorpion
   256 | D        | Reached ** piety under Vehumet
   257 | D        | Reached skill level 7 in Fire Magic
   257 | D        | Reached XP level 5. HP: 10/28 MP: 0/12
   261 | D        | Reached skill level 5 in Spellcasting
   261 | D        | Reached skill level 8 in Fire Magic
   261 | D        | Reached skill level 1 in Evocations
   266 | D        | Reached *** piety under Vehumet
   267 | D        | Reached XP level 6. HP: 15/33 MP: 1/14
   287 | D        | Arena points: 56 (+42) [x3]
   310 | D        | Round 3.
   311 | D        | Bought a wavering amethyst amulet for 45 gold pieces
   311 | D        | Identified the amulet of Naohif {Spirit rElec Dex+2} (You
                  | bought it in a shop in the Dungeon)
   315 | D        | Reached skill level 1 in Fighting
   315 | D        | Reached skill level 5 in Dodging
   316 | D        | Reached skill level 5 in Conjurations
   318 | D        | Reached **** piety under Vehumet
   319 | D        | Reached skill level 1 in Unarmed Combat
   319 | D        | Reached skill level 9 in Fire Magic
   371 | D        | Offered knowledge of Static Discharge by Vehumet.
   372 | D        | Reached XP level 7. HP: 38/38 MP: 9/17
   377 | D        | Arena points: 128 (+72) [x4]
   392 | D        | Round 4.
   418 | D        | Noticed an orc high priest
   420 | D        | Noticed a hellwing
   420 | D        | Noticed a rust devil
   427 | D        | Noticed a chaos spawn
   427 | D        | Slain by a hellwing

Illustrated notes

Levels and vault maps discovered:
D:        arena_sprint

Skill      XL: |  1  2  3  4  5  6 |
---------------+-------------------+-----
Dodging        | 2 3 4 5 |  5.5
Fire Magic     | 4 6 7 8 9 |  9.4
Stealth        | 3 |  3.6
Spellcasting   | 4 5 7 |  7.3
Conjurations   | 3 4 5 |  5.3
Evocations     | 1 |  1.8
Fighting       | 1 |  1.2
Unarmed Combat | 1 |  1.2

Action                     |  1- 3 |  4- 6 |  7- 9 || total
---------------------------+-------+-------+-------++-------
  Melee: Unarmed           |     1 |     8 |       ||     9
   Cast: Foxfire           |    14 |     5 |     2 ||    21
         Scorch            |       |     9 |       ||     9
  Evoke: Wand              |     2 |     3 |     4 ||     9
    Use: Potion            |     4 |       |     1 ||     5
 Armour: Robe              |    40 |    19 |     7 ||    66
  Dodge: Dodged            |    53 |    27 |     6 ||    86

Table legend: (Time is in decaauts)
 A = Elapsed time spent in this place.
 B = Non-inter-level travel time spent in this place.
 C = Inter-level travel time spent in this place.
 D = Time resting spent in this place.
 E = Time spent auto-exploring this place.
 F = Levels seen in this place.
 G = Mean time per level.
                   A        B        C        D        E       F      G
               +--------+--------+--------+--------+--------+-----+--------+
         Total |    408 |    408 |      0 |      0 |    127 |   1 |  408.0 |
       Dungeon |    408 |    408 |      0 |      0 |    127 |   1 |  408.0 |
               +--------+--------+--------+--------+--------+-----+--------+

Top non-repeatable levels by time:
       D: 408 daAuts
